cohdb
Replays
Latest Replays
All Replays
Popular Replays
Top Player Replays
Match Explorer
How It Works
Community
CoH3 Stats
Reddit
Sign in to upload your games and track your stats! →
Sign in with Steam
Match 45259389
Unlisted
Match 45259389
Overview
Messages
Build Orders
End
Engineer Squad
Selects Special Operations Battlegroup
Selects M29 Weasel Recon Vehicle
M29 Weasel Recon Vehicle
Engineer Squad
Construct Barracks
M1 Mortar Team
Mechanized Support Center
Construct Motor Pool
M8 Greyhound Armored Car
Selects Raiding Flares
M1 Anti-tank Gun Team
M8 Greyhound Armored Car
Selects SSF Commando Squad
SSF Commando Squad
Designate Forward Repair Station
SSF Commando Squad
Construct Tank Depot
Selects Air Re-supply Operation
Air Re-Supply Operation
Selects Mark Vehicle
Selects UNKNOWN (2162291)
M4A1 Sherman Medium Tank
Construct Medical Station
SSF Commando Squad
M4A1 Sherman Whizbang
Raiding Flares
M18 Hellcat Tank Destroyer
SSF Commando Squad
Raiding Flares
Designate Forward Repair Station
demonicghost
Warpeace
Predator
Master_Baiter
0
0
Comments
sign in to comment!
No comments posted yet!